 Dungeon Crawl Stone Soup version 0.29.1-14-g9c671dbff4 (webtiles) character file.

Game seed: 14155055597527349881

4179 croobank the Covert (level 10, 0/69 HPs)
             Began as an Octopode Wanderer on Feb 16, 2023.
             Was an Initiate of Gozag.
             Killed from afar by Maurice (7 damage)
             ... with a puff of flame
             ... on level 8 of the Dungeon.
             The game lasted 00:27:32 (8229 turns).

croobank the Covert (Octopode Wanderer)             Turns: 8229, Time: 00:27:33

Health: 0/69       AC:  3    Str: 11    XL:     10   Next: 28%
Magic:  13/13      EV:  5    Int: 19    God:    Gozag
Gold:   0          SH: 31    Dex: 12    Spells: 13/13 levels left

rFire   . . .      SeeInvis .   B - +3 war axe (freeze)
rCold   . . .      Faith    .   j - +18 shield of the Gong {rElec rN+ Will+ EV-5}
rNeg    + . .      Spirit   .   c - +2 hat
rPois   .          Reflect  +   l - amulet of reflection
rElec   +          Harm     .   (no ring)
rCorr   .          Rampage  .   (no ring)
Will    +....                   (no ring)
Stlth   +++++.....              (no ring)
HPRegen 0.21/turn               (no ring)
MPRegen 0.13/turn               (no ring)
                                (no ring)
                                (no ring)

@: mighty
A: almost no armour, amphibious, 8 rings, camouflage 1, gelatinous body 1,
(nimble swimmer 1), tentacles
a: Renounce Religion, Potion Petition, Call Merchant, Bribe Branch


You were on level 8 of the Dungeon.
You worshipped Gozag.
Gozag was noncommittal.
You visited 2 branches of the dungeon, and saw 10 of its levels.

You collected 422 gold pieces.
You spent 207 gold pieces at shops.
You paid 215 gold pieces to Gozag.

Inventory:

Hand Weapons
 a - a +2 war axe of venom
 e - a +0 short sword
 f - a +5 hand axe
 i - a +0 short sword of venom
 n - a +1 whip of flaming
 w - a +0 lajatang
 y - a +0 short sword
 B - a +3 war axe of freezing (weapon)
 D - a +0 scimitar of flaming
Missiles
 p - 4 boomerangs (quivered)
Armour
 c - a +2 hat (worn)
 j - the +18 shield of the Gong (worn) {rElec rN+ Will+ EV-5}
   (You acquired it on level 7 of the Dungeon)

   It is deafeningly noisy when blocking attacks.
   EV:        It affects your evasion (-5).
   rElec:     It insulates you from electricity.
   rN:        It protects you from negative energy.
   Will:      It increases your willpower.
Jewellery
 l - an amulet of reflection (around mantle)
Wands
 k - a wand of flame (13)
Scrolls
 b - 2 scrolls of butterflies
 r - 2 scrolls of amnesia
 s - 3 scrolls of enchant armour
 v - a scroll of silence
 A - a scroll of noise
Potions
 d - a potion of brilliance {unknown}
 h - 2 potions of cancellation
 m - a potion of attraction
 u - a potion of berserk rage
 C - a potion of mutation {unknown}


   Skills:
 + Level 6.8 Fighting
 + Level 8.5 Axes
 + Level 10.5 Stealth
 * Level 3.5 Shields
 + Level 2.1 Spellcasting
 + Level 2.3 Summonings
 + Level 7.4 Evocations


You had 13 spell levels left.
You didn't know any spells.
Your spell library contained the following spells:

 Spells                   Type           Power      Damage    Failure   Level
 Ensorcelled Hibernation  Hex/Ice        4%         N/A       61%         2
 Passwall                 Tmut/Erth      1%         N/A       61%         2
 Conjure Flame            Conj/Fire      2%         6-21      83%         3
 Ignite Poison            Fire/Tmut/Pois 2%         N/A       83%         3
 Swiftness                Air            2%         N/A       83%         3
 Summon Ice Beast         Ice/Summ       6%         N/A       97%         4
 Sticky Flame             Conj/Fire      2%         2d3       99%         4
 Summon Mana Viper        Hex/Summ       6%         N/A       100%        5
 Monstrous Menagerie      Summ           5%         N/A       100%        7


Dungeon Overview and Level Annotations

Branches:
Dungeon (9/15)             Temple (1/1) D:6
   Lair: D:8-11         Orc: D:9-12

Altars:
Ashenzari
Cheibriados
Dithmenos
Elyvilon
Gozag
Hepliaklqana
Makhleb
Nemelex Xobeh
Okawaru
Qazlal
Ru
Sif Muna
Trog
Vehumet
Wu Jian
Xom
Yredelemnul
Zin
The Shining One

Shops:
D:1 !   D:7 *:?

Annotations:
D:7 2 runed translucent doors, hawla's ghost, novice MeFE
D:8 Maggie; Maurice


Innate Abilities, Weirdness & Mutations

You cannot wear most types of armour.
You are amphibious.
You can wear up to eight rings at the same time.
Your skin changes colour to match your surroundings (Stealth+).
Your rubbery body absorbs attacks. (AC +1, EV +1)
((You are camouflaged when in or above water. (Stealth+)))
You have tentacles for arms and can constrict up to eight enemies at once.


Message History

Maurice picks up a poisoned dart.
Throw: 5 boomerangs
Press: ? - help, Q - select action, (/) - cycle Shift-Dir - straight line, f/p - Maurice
Aim: Maurice, wielding a +0 dagger, wearing a +0 cloak, quivering poisoned darts and carrying a wand of flame (16) (unable to see you, poisoned, 50% to hit)
You throw a boomerang. The boomerang misses Maurice.
You flicker back into view.
Maurice mumbles some strange words.
Maurice blinks!
You block Maurice's attack.
PTOANNNG!
You hear a shout!
You hit Maurice. You freeze Maurice. Your grab misses Maurice.
Maurice is lightly wounded.
Maurice gestures wildly while chanting.
Maurice flickers and vanishes!
Deactivating autopickup; reactivate with Ctrl-A.
You block something's attack.
BONNNG!
You feel very mighty all of a sudden.
You hear a zap.
A puff of flame appears from out of thin air!
The puff of flame reflects off an invisible shield around you!
BONNNG!
The puff of flame hits something!
You closely miss something. Your squeeze misses something.
You hear a zap.
A puff of flame appears from out of thin air!
The puff of flame misses you.
You slash something! You freeze something. You squeeze something!
Something hits you.
* * * LOW HITPOINT WARNING * * *
Something steals your +3 scimitar!
You closely miss something. Something hits you!
* * * LOW HITPOINT WARNING * * *
Something steals 115 gold pieces!
You now have 0 gold pieces.
You slash something! You freeze something.
You hear a zap.
A puff of flame appears from out of thin air!
The puff of flame hits you!
You die...
Your body crumbles into a pile of gold.

# #............. #.............
############.............
..........##..............
..........##...............
...@b.....##.....$..........
......b...##.................
...b......##..................
..b.......##...{@..............
.....b....##....................
#O##########......<.............
#.### #...<..[.........[... #...#
#.................... ###.#
######....................
###.###....#.................$..
................................
###.###....#.#######.###.###.####


There were no monsters in sight!

Vanquished Creatures
  Erica (D:8)
  Pikel (D:5)
  Joseph (D:7)
  An unseen horror (D:7)
  Menkaure (D:6)
  A steam dragon (D:7)
  A water moccasin (D:7)
  Duvessa (D:4)
  An ice beast (D:8)
  2 black bears
  An ogre (D:5)
  3 phantoms
  A lemure (D:5)
  2 bullfrogs
  7 wights
  Dowan (D:4)
  4 killer bees
  A howler monkey (D:4)
  A gnoll bouda (D:5)
  3 orc priests (D:6)
  6 hounds
  Ijyb (D:4)
  5 iguanas
  4 orc wizards
  4 gnolls (D:5)
  6 adders
  A shadow imp (D:6)
  4 white imps
  2 ufetubi (D:7)
  4 worms
  2 dart slugs
  21 orcs
  7 bats
  6 endoplasms
  7 giant cockroaches
  3 goblins
  7 hobgoblins
  4 quokkas
  5 ball pythons
  9 kobolds
  4 rats
147 creatures vanquished.

Vanquished Creatures (others)
  2 wights (D:7)
  6 fungi (D:7)
  5 toadstools (D:7)
13 creatures vanquished.

Grand Total: 160 creatures vanquished

Notes
Turn   | Place    | Note
-------+----------+-------------------------------------------
     0 | D:1      | croobank the Octopode Wanderer began the quest for the Orb.
     0 | D:1      | croobank set off with the following items: a +0 war axe, a
                  | scroll of butterflies, a +0 hat, a scroll of blinking.
     0 | D:1      | Reached XP level 1. HP: 13/13 MP: 1/1
    42 | D:1      | Found Ori Hinn's Distillery.
    50 | D:1      | Bought a potion of degeneration for 12 gold pieces
   169 | D:1      | Reached XP level 2. HP: 15/18 MP: 2/2
   257 | D:1      | Found a faded altar of an unknown god.
   692 | D:2      | Reached XP level 3. HP: 23/23 MP: 3/3
  1341 | D:3      | Reached XP level 4. HP: 29/29 MP: 4/4
  1758 | D:4      | Reached skill level 5 in Stealth
  1793 | D:4      | Noticed a phantom
  1825 | D:4      | Killed a phantom
  1826 | D:4      | Reached XP level 5. HP: 19/35 MP: 5/5
  1978 | D:4      | Noticed Ijyb
  2195 | D:5      | Entered Level 5 of the Dungeon
  2195 | D:5      | Noticed an ogre
  2211 | D:5      | Found a basalt altar of Yredelemnul.
  2233 | D:5      | You fall into a shaft and drop 3 floors!
  2242 | D:8      | Noticed Erica
  2252 | D:9      | Noticed a water moccasin
  2305 | D:7      | Noticed Joseph
  2309 | D:7      | Identified a scroll of acquirement
  2310 | D:7      | Acquired the +18 shield of the Gong {rElec rN+ Will+ EV-5}
  2310 | D:7      | Found the +18 shield of the Gong {rElec rN+ Will+ EV-5}
  2320 | D:7      | Found Fasmari's Assorted Antiques.
  2325 | D:7      | Killed Joseph
  2326 | D:7      | Reached skill level 6 in Stealth
  2326 | D:7      | Reached XP level 6. HP: 38/42 MP: 6/6
  2326 | D:7      | Reached XP level 7. HP: 42/46 MP: 7/7
  2327 | D:7      | Noticed a steam dragon
  2343 | D:7      | Killed a steam dragon
  2348 | D:7      | Reached skill level 7 in Stealth
  2620 | D:6      | Noticed Menkaure
  2622 | D:6      | Reached XP level 8. HP: 48/54 MP: 8/8
  2626 | D:6      | Killed Menkaure
  2629 | D:6      | Reached skill level 5 in Evocations
  2682 | D:6      | Reached skill level 8 in Stealth
  2703 | D:6      | Found a staircase to the Ecumenical Temple.
  2877 | D:5      | Reached skill level 5 in Fighting
  3064 | D:4      | Noticed Dowan
  3066 | D:4      | Noticed Duvessa
  3071 | D:4      | Killed Dowan
  3077 | D:4      | Killed Duvessa
  4166 | D:4      | Killed Ijyb
  4167 | D:4      | Reached XP level 9. HP: 59/61 MP: 9/9
  4301 | D:5      | Noticed Pikel
  4312 | D:5      | Killed Pikel
  4313 | D:5      | Reached skill level 9 in Stealth
  5123 | D:1      | Bought a potion of heal wounds for 60 gold pieces
  5123 | D:1      | Bought a potion of berserk rage for 60 gold pieces
  5234 | D:6      | Found a shimmering blue altar of Sif Muna.
  5331 | D:6      | Found a broken altar of Ashenzari.
  5332 | D:6      | Found a white marble altar of Elyvilon.
  5332 | D:6      | Found a sacrificial altar of Ru.
  5341 | D:6      | Found a shadowy altar of Dithmenos.
  5435 | Temple   | Entered the Ecumenical Temple
  5990 | D:7      | Found Aziceb's Book Shop.
  5991 | D:7      | Found Jitoet's Magic Scroll Shoppe.
  5995 | D:7      | Bought a clear potion for 20 gold pieces
  6000 | D:7      | Bought a scroll of noise for 11 gold pieces
  6000 | D:7      | Bought a scroll of identify for 22 gold pieces
  6000 | D:7      | Bought a scroll of identify for 22 gold pieces
  6027 | D:7      | Found a large runed translucent door.
  6028 | D:7      | Found a large runed translucent door.
  6030 | D:7      | Noticed hawla's ghost (novice MeFE)
  6073 | D:7      | Found a burning altar of Makhleb.
  6090 | D:7      | Reached skill level 1 in Shields
  6212 | D:7      | Found a radiant altar of Vehumet.
  6297 | D:7      | Killed an unseen horror
  6298 | D:7      | Reached skill level 10 in Stealth
  6298 | D:7      | Reached skill level 1 in Spellcasting
  6298 | D:7      | Reached skill level 1 in Summonings
  6680 | Temple   | Became a worshipper of Gozag Ym Sagoz the Greedy
  6724 | D:8      | Killed Erica
  6725 | D:8      | Reached XP level 10. HP: 31/69 MP: 10/12
  6928 | D:8      | Noticed Maurice
  8151 | D:8      | Noticed a two-headed ogre
  8171 | D:8      | Noticed Maggie
  8229 | D:8      | Killed from afar by Maurice

Illustrated notes

Levels and vault maps discovered:
D:1:      dpeg_arrival_rhombus, layout_rooms, serial_shops, nicolae_shop_trees,
          shapermc_ecumenical_altar_acropolis, corexii_leaking_fountain
D:2:      layout_basic
D:3:      layout_rooms, chequers_serial_rivers_micro_c
D:4:      layout_layer_cave, uniq_ijyb, uniq_duvessa
D:5:      layout_loops_cross, mainiacjoe_overflow_small_starburst,
          hangedman_glass_teeth, uniq_eustachio, uniq_pikel
D:6:      cheibrodos_quashed, layout_cave_pools, tgw_sif,
          nicolae_overflow_quartered_altars, minmay_temple_entry_wispy,
          uniq_menkaure
D:7:      layout_rooms, fiery_altar_vehumet, mainiacjoe_overflow_chevrons,
          ebering_ghost_disaster_area, minmay_gold_behind_fungi,
          nicolae_wooded_promenade, uniq_joseph
D:8:      layout_basic, chequers_serial_rivers_small_b, uniq_maggie, uniq_erica,
          uniq_maurice
D:9:      layout_roguey, dpeg_oklobed_lair, enter_bailey_4,
          gammafunk_ghost_smash, lightli_fourway_metalbox
Temple:   grunt_temple_mini_profane

Skill      XL: |  1  2  3  4  5  6  7  8  9 10 |
---------------+-------------------------------+-----
Evocations     | 2 3 4 6 7 |  7.4
Fighting       | 2 3 4 5 6 |  6.8
Stealth        | 5 6 7 8 10 | 10.5
Axes           | 6 7 8 |  8.5
Shields        | 3 |  3.5
Spellcasting   | 1 2 |  2.1
Summonings     | 1 2 |  2.3

Action                   |  1- 3 |  4- 6 |  7- 9 | 10-12 || total
-------------------------+-------+-------+-------+-------++-------
Melee: War axe           |    54 |    32 |   180 |    26 ||   292
       Tentacles         |    13 |     4 |    39 |    14 ||    70
       Constrict         |    13 |     4 |    40 |    12 ||    69
       Punch             |       |       |     3 |     2 ||     5
       Scimitar          |       |       |       |    40 ||    40
Throw: Dart              |       |     4 |     1 |    12 ||    17
       Boomerang         |       |       |     5 |     1 ||     6
Evoke: Wand              |       |       |       |     2 ||     2
  Use: Scroll            |     7 |     8 |     7 |     4 ||    26
       Potion            |       |       |     5 |     7 ||    12
 Stab: Sleeping          |    15 |     9 |     4 |       ||    28
       Distracted        |       |       |     2 |       ||     2
Armor: Skin              |     9 |     2 |     9 |    11 ||    31
Dodge: Dodged            |    26 |    13 |    16 |    28 ||    83
Block: Other             |       |     4 |       |       ||     4
       Kite shield       |       |     6 |   247 |   146 ||   399
       Reflection        |       |     6 |     7 |     1 ||    14
